 Dungeon Crawl Stone Soup version 0.29.1-12-g30fa7ad0bf (webtiles) character file.

Game seed: 11332675399466636553

58 zeram the Shield-Bearer (level 4, -1/28 HPs)
             Began as a Gargoyle Fighter on Dec 14, 2022.
             Slain by an orc wizard
             ... wielding a +1 dagger of holy wrath
              (3 damage)
             ... on level 2 of the Dungeon.
             The game lasted 00:01:58 (1412 turns).

zeram the Shield-Bearer (Gargoyle Fighter)          Turns: 1412, Time: 00:01:59

Health: -1/28      AC: 11    Str: 18 (21) XL:     4   Next: 2%
Magic:  4/4        EV:  9    Int:  6 (9)  God:
Gold:   86         SH:  0    Dex:  6 (9)  Spells: 3/3 levels left

rFire   . . .      SeeInvis .   a - +0 flail
rCold   . . .      Faith    .   c - +0 buckler
rNeg    + . .      Spirit   .   b - +0 scale mail
rPois   ∞          Reflect  .   (no helmet)
rElec   +          Harm     .   (no cloak)
rCorr   .          Rampage  .   (no gloves)
Will    .....                   d - +0 pair of boots
Stlth   ..........              (no amulet)
HPRegen 0.09/turn               (no ring)
MPRegen 0.09/turn               (no ring)

@: confused, attractive
A: sickness immunity, AC +3, negative energy resistance 1, electricity
resistance, torment resistance 1, petrification resistance
a: no special abilities


You were on level 2 of the Dungeon.
You visited 1 branch of the dungeon, and saw 2 of its levels.

You collected 86 gold pieces.

Inventory:

Hand Weapons
 a - a +0 flail (weapon)
Armour
 b - a +0 scale mail (worn)
 c - a +0 buckler (worn)
 d - a +0 pair of boots (worn)


   Skills:
 + Level 3.5 Fighting
 + Level 2.9 Maces & Flails
 + Level 3.5 Armour
 + Level 0.8 Dodging
 + Level 4.0 Shields


You had 3 spell levels left.
You didn't know any spells.
Your spell library contained the following spells:

 Spells                   Type           Power      Damage    Failure   Level
 Stone Arrow              Conj/Erth      0%         3d7       99%         3
 Animate Armour           Summ/Erth      0%         N/A       100%        4
 Lehudib's Crystal Spear  Conj/Erth      0%         10d2      100%        8


Dungeon Overview and Level Annotations

Branches:
Dungeon (2/15)

Altars:
Ru


Innate Abilities, Weirdness & Mutations

You are immune to sickness and miasma.
Your stone body is resilient. (AC +3)
You are immune to poison.
You resist negative energy. (rN+)
You are resistant to electric shocks. (rElec)
You are resistant to unholy torment.
You are immune to petrification.


Message History

You are too injured to fight recklessly!
You are too injured to fight recklessly!
You are too injured to fight recklessly!
Unknown command.
You closely miss the orc wizard.
The orc wizard is almost dead.
The orc wizard hits you with a +1 dagger of holy wrath.
* * * LOW HITPOINT WARNING * * *
Unknown command.
You sock the orc!
You kill the orc!
The orc wizard casts a spell at you.
You are confused.
You have reached level 4!
You feel clever.
It was a potion of attraction.
You feel attractive to monsters. The ball python closely misses you.
The ball python grabs you. The ball python constricts you.
* * * LOW HITPOINT WARNING * * *
The orc is attracted toward you.
It was a potion of degeneration.
There was something very wrong with that liquid.
You feel weakened.
You feel dopey.
You feel clumsy. The orc completely misses you.
The orc wizard hits you but does no damage.
The ball python bites you.
* * * LOW HITPOINT WARNING * * *
The ball python constricts you.
You completely miss the orc.
The ball python bites you but does no damage.
The ball python constricts you.
The orc wizard hits you but does no damage.
The orc hits you but does no damage. The ball python closely misses you.
The ball python constricts you.
Unknown command.
You hit the ball python.
You kill the ball python!
The orc wizard hits you with a +1 dagger of holy wrath.
You die...

#### #...
#... #...
## #... #.
). #... #o
##.# #...
#o####....
#...
#o@†...#
#...
#......#
#...
##.....#
#...
#.....#
#...
#.....#
#...
#.....#
#...
#.....###
##.._
#.......#
#....
#.......#
#....


You could see an orc wizard and 2 orcs.

Vanquished Creatures
  Natasha (D:1)
  A dart slug (D:2)
  An orc (D:2)
  2 bats (D:1)
  An endoplasm (D:1)
  2 giant cockroaches (D:1)
  3 hobgoblins (D:1)
  2 kobolds
  3 quokkas
  2 ball pythons
  3 frilled lizards
  4 goblins (D:1)
  5 rats (D:1)
30 creatures vanquished.

Notes
Turn   | Place    | Note
-------+----------+-------------------------------------------
     0 | D:1      | zeram the Gargoyle Fighter began the quest for the Orb.
     0 | D:1      | Reached XP level 1. HP: 14/14 MP: 1/1
   274 | D:1      | Reached XP level 2. HP: 18/19 MP: 2/2
   788 | D:1      | Found a faded altar of an unknown god.
   866 | D:1      | Reached XP level 3. HP: 23/23 MP: 3/3
  1038 | D:2      | Noticed Natasha
  1058 | D:1      | Killed Natasha
  1297 | D:2      | Reached skill level 4 in Shields
  1314 | D:2      | Found a sacrificial altar of Ru.
  1409 | D:2      | Reached XP level 4. HP: 4/28 MP: 4/4
  1412 | D:2      | Slain by an orc wizard

Illustrated notes

Levels and vault maps discovered:
D:1:      minmay_arrival_hallway, layout_basic,
          shapermc_ecumenical_altar_notcrosses, serial_curves, eino_curves_02,
          eino_curves_02
D:2:      wander_river, layout_basic, basic_altar, minmay_split_cup_small,
          uniq_terence, uniq_natasha

Skill      XL: |  1  2  3 |
---------------+----------+-----
Shields        | 4 |  4.0
Fighting       | |  3.5
Maces & Flails | |  2.9
Armour         | |  3.5
Dodging        | |  0.8

Action                   |  1- 3 |  4- 6 || total
-------------------------+-------+-------++-------
Melee: Flail             |   122 |     2 ||   124
  Use: Potion            |     1 |     2 ||     3
       Scroll            |     1 |       ||     1
Armor: Scale mail        |    73 |     4 ||    77
Dodge: Dodged            |    49 |     3 ||    52
Block: Buckler           |    30 |       ||    30
